 Dungeon Sprint DCSS version 0.24.0-37-gcf1ca852f1 (webtiles) character file.

Game seed: 15618318930267932446, levelgen mode: deterministic

464 Cryoshakespeare the Unseen (level 6, -1/28 HPs)
             Began as a Felid Monk on Nov 23, 2019.
             Was a Believer of Yredelemnul.
             Succumbed to Sonja's poison
             ... in the Dungeon (Sprint I: "Red Sonja").
             The game lasted 00:03:21 (661 turns).

Cryoshakespeare the Unseen (Felid Monk)              Turns: 661, Time: 00:03:21

Health: -1/28      AC:  2    Str:  7    XL:     6   Next: 80%
Magic:  7/7        EV: 20    Int: 12    God:    Yredelemnul [**....]
Gold:   421        SH:  0    Dex: 20    Spells: 5/5 levels left
                                        Lives:  0   Deaths: 1

rFire    . . .     SeeInvis +     - Unarmed
rCold    . . .     Gourm    .   (shield unavailable)
rNeg     . . .     Faith    .   (armour unavailable)
rPois    .         Spirit   .   (helmet unavailable)
rElec    .         Reflect  .   (cloak unavailable)
rCorr    .         Harm     .   (gloves unavailable)
MR       .....     NoTele   +   (boots unavailable)
Stlth    ++++++++..             (no amulet)
HPRegen  0.09/turn              (no ring)
MPRegen  0.10/turn              (no ring)

@: lethally poisoned (-1 -> -28), quick
A: very small, no armour, no weapons or thrown items, stealth, claws 1, fangs 3,
see invisible, carnivore, speed 1, shaggy fur 2, slow metabolism 1, sharp paws
a: Animate Remains, Recall Undead Slaves, Injury Mirror, Renounce Religion


You were in the Dungeon.
You worshipped Yredelemnul.
Yredelemnul was pleased with you.
You were very full.

You visited 1 branch You collected 421 gold pieces.

Inventory:

Scrolls
 g - a scroll of blinking
Potions
 e - 2 potions of magic
Comestibles
 a - a ration


   Skills:
 - Level 3.0 Fighting
 + Level 4.0 Dodging
 - Level 19.8 Stealth
 - Level 3.0 Unarmed Combat


You had 5 spell levels left.
You didn't know any spells.
Your spell library was empty.

Dungeon Overview and Level Annotations

Branches:
Dungeon (1/1)

Altars:
Cheibriados
Dithmenos
Elyvilon
Fedhas
Gozag
Hepliaklqana
Kikubaaqudgha
Makhleb
Nemelex Xobeh
Okawaru
Qazlal
Ru
Sif Muna
Trog
Uskayaw
Vehumet
Wu Jian
Xom
Yredelemnul
Zin
The Shining One
Jiyva
Lugonu

Shops:
D =

Annotations:
D Sonja


Innate Abilities, Weirdness & Mutations

You cannot wear armour.
You are incapable of wielding weapons or throwing items.
Your paws allow you to move quietly. (Stealth)
You have sharp claws.
You have razor-sharp teeth.
You have supernaturally acute eyesight. (SInv)
You are carnivorous and can eat meat at any time.
You cover ground quickly.
You are covered in thick fur. (AC +2)
You have a slow metabolism.
Your sharp claws are effective at attacking unaware monsters.


Message History

The curare-tipped dart hits your yak skeleton.
Unknown command.
You swap places.
* * * LOW HITPOINT WARNING * * *
You feel sick.
There is an open door here.
You see here a curare-tipped dart.
Unknown command.
Unknown command.
Unknown command.
Unknown command.
Okay, then.
* * * LOW HITPOINT WARNING * * *
You feel sick.
Sonja throws a curare-tipped dart.
The curare-tipped dart hits your yak skeleton.
Your yak skeleton gores Sonja!
Unknown command.
You close the door, pushing everything out of the way.
You die...
Your body rises from the dead as a mindless zombie.

######################
#<.#..').#.)'..#__#..+
#...).#..'..#..'.Z'..#
#..#####.#####.#__####
#..####..#...#[####
#..#__####..##.#
#J†#_____##'#_.+
#⌠⌠#_.∩...'..._#
####_..__##_@#+#
#_____###+#
#########Z##


+$K$+ #$.$# ##.## #+# There were no monsters in sight!

Vanquished Creatures
  A slime creature (D)
  Sigmund (D)
  A yak (D)
  An ogre (D)
  Ijyb (D)
5 creatures vanquished.

Vanquished Creatures (collateral kills)
  A jelly (D)
1 creature vanquished.

Grand Total: 6 creatures vanquished

Notes
Turn   | Place    | Note
-------+----------+-------------------------------------------
     0 | D        | Cryoshakespeare the Felid Monk began the quest for the Orb.
     0 | D        | Reached XP level 1. HP: 10/10 MP: 2/2
     2 | D        | Noticed Ijyb
    18 | D        | Killed Ijyb
    18 | D        | Reached skill level 8 in Stealth
    18 | D        | Reached XP level 2. HP: 7/14 MP: 3/3
   235 | D        | Noticed an ogre
   249 | D        | Killed an ogre
   249 | D        | Reached skill level 12 in Stealth
   249 | D        | Reached XP level 3. HP: 17/17 MP: 4/4
   249 | D        | Reached XP level 4. HP: 21/21 MP: 5/5
   253 | D        | Noticed Sigmund
   255 | D        | Killed Sigmund
   255 | D        | Reached skill level 16 in Stealth
   255 | D        | Reached XP level 5. HP: 24/24 MP: 6/6
   255 | D        | Gained mutation: You are covered in thick fur. (AC +2)
                  | [Felid growth]
   255 | D        | Reached XP level 6. HP: 28/28 MP: 7/7
   267 | D        | Found an ornate altar of the Wu Jian Council.
   267 | D        | Found a shimmering blue altar of Sif Muna.
   269 | D        | Found a radiant altar of Vehumet.
   303 | D        | HP: 1/28 [jelly (2)]
   303 | D        | Splashed by a jelly's acid
   304 | D        | Reached XP level 5. HP: -6/24 MP: 6/6
   314 | D        | Found Cihuas's Jewellery Emporium.
   314 | D        | Found an ancient bone altar of Kikubaaqudgha.
   314 | D        | Found a stormy altar of Qazlal.
   314 | D        | Found a blossoming altar of Fedhas.
   314 | D        | Found a bloodstained altar of Trog.
   314 | D        | Found an iron altar of Okawaru.
   314 | D        | Found a glowing golden altar of the Shining One.
   314 | D        | Found a glowing silver altar of Zin.
   314 | D        | Found a white marble altar of Elyvilon.
   314 | D        | Noticed a yak
   315 | D        | Found a hazy altar of Hepliaklqana.
   315 | D        | Found a hide-covered altar of Uskayaw.
   315 | D        | Found a basalt altar of Yredelemnul.
   315 | D        | Found an opulent altar of Gozag.
   315 | D        | Found a snail-covered altar of Cheibriados.
   315 | D        | Found a sacrificial altar of Ru.
   315 | D        | Found a shadowy altar of Dithmenos.
   316 | D        | Killed a yak
   316 | D        | Reached skill level 18 in Stealth
   316 | D        | Reached XP level 6. HP: 28/28 MP: 7/7
   317 | D        | Found a sparkling altar of Nemelex Xobeh.
   330 | D        | Became a worshipper of Yredelemnul the Dark
   330 | D        | Reached * piety under Yredelemnul
   330 | D        | Reached ** piety under Yredelemnul
   603 | D        | Found a burning altar of Makhleb.
   603 | D        | Found a viscous altar of Jiyva.
   603 | D        | Found a shimmering altar of Xom.
   603 | D        | Found a corrupted altar of Lugonu.
   603 | D        | Noticed a slime creature
   606 | D        | Killed a slime creature
   606 | D        | Reached skill level 19 in Stealth
   653 | D        | Noticed Sonja
   660 | D        | HP: 1/28 [poisoned by Sonja]
   661 | D        | Succumbed to Sonja's poison

Levels and vault maps discovered:
D:        dungeon_sprint_1 [red_sonja_temple_1, red_sonja_temple_small_1]

Skill      XL: |  1  2  3  4  5  6 |
---------------+-------------------+-----
Stealth        | 8 12 16 18 19 | 19.8
Fighting       | |  3.0
Dodging        | |  4.0
Unarmed Combat | |  3.0

Action                   |  1- 3 |  4- 6 || total
-------------------------+-------+-------++-------
Melee: Unarmed           |    25 |    15 ||    40
       Bite              |     1 |     2 ||     3
Invok: Animate Remains   |       |     1 ||     1
  Use: Potion            |     2 |     2 ||     4
 Stab: Sleeping          |       |     3 ||     3
  Eat: Chunk             |       |     4 ||     4
Armor: Skin              |       |     1 ||     1
Dodge: Dodged            |    12 |    11 ||    23
